 Dungeon Crawl Stone Soup version 0.31.0-32-g396128a36d (webtiles) character file.

Game seed: 2521255317764966013

12843 octoduck the Toxicologist (level 11, -8/74 HPs)
             Began as a Purple Draconian Alchemist on Mar 16, 2024.
             Was a High Priest of Jiyva.
             Mangled by a boulder beetle (44 damage)
             ... on level 2 of the Lair of Beasts.
             The game lasted 00:53:19 (12822 turns).

octoduck the Toxicologist (DrAl)                   Turns: 12822, Time: 00:53:19

Health: -8/74      AC: 10    Str: 13    XL:     11   Next: 67%
Magic:  29/29      EV: 12    Int: 18    God:    Jiyva [*****.]
Gold:   420        SH:  0    Dex: 14    Spells: 9/23 levels left

rFire   . . .        H - +4 glaive "Xeckuv" {holy, rPois Dex+3 Stlth+}
rCold   + + +        (shield currently unavailable)
rNeg    + . .        (body armour unavailable)
rPois   +            (helmet restricted)
rElec   .            L - +0 cloak
rCorr   +            E - +0 pair of gloves
SInv    .            l - +0 pair of boots
Will    +....        (no amulet)
Stlth   +++          p - ring of positive energy
HPRegen 1.76/turn    v - ring of magical power
MPRegen 0.93/turn

%: no passive effects
@: frozen, very slow
A: breathe power, AC +7, unfitting armour, cold-blooded, antennae 1, stinger 1,
cold resistance 3, pseudopods 3, engulf
a: Breathe Dispelling Energy, Renounce Religion, Oozemancy, Slimify


You were on level 2 of the Lair of Beasts.
You worshipped Jiyva.
Jiyva was extremely pleased with you.
You visited 3 branches of the dungeon, and saw 13 of its levels.
You also visited: Bailey.

You collected 510 gold pieces.
You spent 90 gold pieces at shops.

Inventory:

Hand Weapons
 f - a +0 dagger
 x - a +1 great sword
 z - a +2 scimitar
 H - the +4 glaive "Xeckuv" (weapon) {holy, rPois Dex+3 Stlth+}
   (You found it on level 10 of the Dungeon)

   Dex+3:     It affects your dexterity (+3).
   rPois:     It protects you from poison Stlth+: It makes you more stealthy.
 J - the +1 dire flail of the Kissing Big Fish {flame, rF+}
   (You took it off a two-headed ogre on level 7 of the Dungeon)

   rF+:       It protects you from fire.
 K - the +4 great mace "Osisafev" {drain, rF+}
   (You took it off a two-headed ogre on level 7 of the Dungeon)

   rF+:       It protects you from fire.
Missiles
 q - 2 atropa-tipped darts
 F - 17 poisoned darts
Armour
 l - a +0 pair of boots (worn)
 E - a +0 pair of gloves (worn)
 L - a +0 cloak (worn)
Magical Staves
 G - a staff of fire
Jewellery
 p - a ring of positive energy (left hand)
 v - a ring of magical power (right hand)
 y - a ring of protection from cold
 I - a ring of resist corrosion
 N - a +6 ring of dexterity
Talismans
 D - a serpent talisman
Wands
 A - a wand of paralysis (8)
 O - a wand of flame (10)
Scrolls
 d - 2 scrolls of blinking
 e - a scroll of brand weapon {unknown}
 g - a scroll of revelation {unknown}
 h - a scroll of enchant weapon {unknown}
 k - a scroll of fog
 m - 3 scrolls of amnesia
 o - 2 scrolls of teleportation
 w - a scroll of noise {unknown}
 B - a scroll of poison
 C - a scroll of acquirement {unknown}
Potions
 a - 4 potions of magic
 b - 2 potions of berserk rage
 c - 2 potions of heal wounds
 i - 2 potions of attraction
 j - 3 potions of resistance
 n - 4 potions of curing
 r - 2 potions of mutation {unknown}
 s - 2 potions of invisibility {unknown}
 t - 2 potions of brilliance
 u - a potion of haste {unknown}
 M - 7 potions of ambrosia


   Skills:
 - Level 4.5 Long Blades
 + Level 5.6(6.1) Polearms
 - Level 3.2(4.9) Staves
 - Level 1.7 Dodging
 - Level 1.7 Stealth
 - Level 6.6 Spellcasting
 - Level 7.4 Conjurations
 + Level 6.6 Fire Magic
 - Level 6.7 Air Magic
 + Level 11.1 Alchemy


You had 9 spell levels left.
You knew the following spells:

 Your Spells              Type           Power      Damage    Failure   Level
a - Sting                 Conj/Alch      100%       1d9       1%          1
b - Mercury Vapours       Alch/Air       76%        N/A       1%          2
c - Mephitic Cloud        Conj/Alch/Air  36%        N/A       1%          3
d - Olgreb's Toxic Radia  Alch           45%        N/A       1%          4
e - Sticky Flame          Fire/Alch      37%        2d8       3%          4

Your spell library contained the following spells:

 Spells                   Type           Power      Damage    Failure   Level
 Summon Lightning Spire   Summ/Air       18%        N/A       28%         4
 Lee's Rapid Deconstruct  Erth           2%         3d5*      97%         5
 Animate Armour           Summ/Erth      Unusable   N/A       N/A         4

Dungeon Overview and Level Annotations

Branches:
Dungeon (10/15)            Temple (1/1) D:6            Lair (2/5) D:9
  Snake (0/4) Lair:2          Orc (0/2) D:9          Bailey (visited)
  Swamp: Lair:2-3    Shoals: Lair:2-3

Altars:
Ashenzari
Cheibriados
Dithmenos
Elyvilon
Fedhas
Gozag
Hepliaklqana
Kikubaaqudgha
Makhleb
Nemelex Xobeh
Okawaru
Qazlal
Ru
Sif Muna
Trog
Uskayaw
Vehumet
Wu Jian
Xom
Yredelemnul
Zin
The Shining One
Jiyva

Shops:
D:4 (


Innate Abilities, Weirdness & Mutations

You can breathe bolts of dispelling energy.
Your rich purple scales are hard. (AC +7)
You cannot fit into any form of body armour.
You are cold-blooded and may be slowed by cold attacks.
You have a pair of small antennae on your head.
Your tail ends in a venomous barb.
Your flesh is almost immune to the effects of cold. (rC+++)
Armour fits poorly on your massive pseudopods.
Your melee attacks may engulf your foes in ooze.


Message History

The rime drake breathes ice at you. The icy flash freeze hits you!
You partially resist.
You are encased in ice.
Casting: Sting (safe; 1% risk of failure)
Confirm with . or Enter, or press ? or * to list all spells.
Aiming: Mercury Vapours (safe; 1% risk of failure)
Press: ? - help, Dir - move target, f/p - rime drake
Aim: a rime drake (moderately wounded, chance to weaken: 100%) Fumes of mercury billow around the rime drake!
The rime drake is poisoned.
The rime drake looks weaker.
The boulder beetle leaps!
Casting: Mercury Vapours (safe; 1% risk of failure)
Confirm with . or Enter, or press ? or * to list all spells.
Aiming: Sting (safe; 1% risk of failure)
Press: ? - help, Shift-Dir - straight line, f/p - rime drake
Aim: a rime drake (moderately wounded, very poisoned, weak, 72% to hit)
The sting hits the rime drake!
The rime drake looks as sick as possible!
The rime drake is heavily wounded.
The ice encasing you melts away. The rime drake bites you.
The rime drake breathes ice at you. The icy flash freeze hits you!
You partially resist.
You are encased in ice.
The boulder beetle closely misses you. The boulder beetle bites you!
The rime drake attacks as it pursues you!
The rime drake bites you but does no damage.
The boulder beetle bites you but does no damage.
You hear a series of splatters.
The ice encasing you melts away. The rime drake breathes ice at you.
The icy flash freeze hits you! You partially resist.
You are encased in ice.
The boulder beetle curls into a ball and begins rolling!
The rime drake is no longer weakened.
You kill the rime drake!
The boulder beetle hits you!!!
Ouch! That really hurt!
You die...

#.......##
........###
..........####
...........#.##
............J.####
.......###.......###
{
.......####...○....#
........# ####.B..##
........## ###@.###
........P## ##..P##
.....#.P..## ##...##
....#...P#.# ##<.P#
.....>....##
##..####
...........###
#...#.#
###....#.....#
#P....####
###..##....##
##...P#..#
##.####...###
#...##.##


You could see a boulder beetle (rolling) and a neutral jelly (wandering) (fellow
slime).

Vanquished Creatures
  A boulder beetle (Lair:1)
  A two-headed ogre (D:7)
  The ghost of middlethird the Thaumaturge, a novice VSCj (D:7)
  A black mamba (Lair:1)
  A rime drake (Lair:2)
  A troll (D:9)
  A hornet (D:6)
  A polar bear (Lair:2)
  A queen bee (Lair:1)
  9 blink frogs
  A shadow (D:10)
  A wraith (D:10)
  3 wyverns
  3 yaks (Lair:1)
  Edmund (D:3)
  4 nagas (Lair:2)
  5 water moccasins
  Duvessa (D:7)
  3 orc warriors
  3 ice beasts
  A sky beast (D:8)
  3 ogres
  5 wolves (Lair:1)
  4 centaurs
  A phantom (D:6)
  A kobold brigand (D:10)
  4 bullfrogs
  A gnoll sergeant (D:6)
  3 scorpions
  6 wights
  Dowan (D:7)
  32 killer bees
  9 howler monkeys
  5 hounds
  3 orc priests
  Crazy Yiuf (D:2)
  A sleepcap (D:5)
  A gnoll bouda (D:7)
  2 iguanas
  5 orc wizards
  12 gnolls
  2 adders (D:2)
  3 shadow imps
  2 ufetubi (D:6)
  39 orcs
  6 ball pythons
  5 endoplasms
  10 goblins
  A hobgoblin (D:4)
  3 jackals (D:1)
  12 kobolds
  A quokka (D:1)
  8 bats
  A frilled lizard (D:3)
  5 rats
242 creatures vanquished.

Vanquished Creatures (collateral kills)
  A cane toad (Lair:1)
  A komodo dragon (Lair:1)
  2 blink frogs (Lair:1)
  A wolf (Lair:1)
  A bullfrog (Lair:1)
  5 killer bees
11 creatures vanquished.

Vanquished Creatures (others)
  2 centaurs
  A phantom (D:6)
  2 bullfrogs
  A scorpion (D:4)
  3 killer bees
  2 howler monkeys
  33 jellies
  A hound (D:6)
  2 iguanas (D:6)
  2 orc wizards (D:7)
  A gnoll (Bailey)
  2 adders
  An endoplasm (D:3)
  8 orcs
  7 goblins
  2 hobgoblins
  A kobold (D:3)
  A ball python (D:3)
  2 butterflies (Lair:1)
74 creatures vanquished.

Grand Total: 327 creatures vanquished

Notes
Turn   | Place    | Note
-------+----------+-------------------------------------------
     0 | D:1      | octoduck the Draconian Alchemist began the quest for the
                  | Orb.
     0 | D:1      | Reached XP level 1. HP: 14/14 MP: 3/3
   224 | D:1      | Reached XP level 2. HP: 20/20 MP: 0/5
   428 | D:1      | Learned a level 2 spell: Mercury Vapours
  1161 | D:1      | Reached XP level 3. HP: 26/26 MP: 4/6
  2242 | D:2      | Found a runed translucent door.
  2243 | D:2      | Noticed Crazy Yiuf
  2250 | D:2      | Learned a level 3 spell: Mephitic Cloud
  2537 | D:2      | Found a faded altar of an unknown god.
  2541 | D:2      | Prayed at the altar of an unknown god.
  2541 | D:2      | Became a worshipper of Jiyva Joveichu the Shapeless
  2541 | D:2      | Reached * piety under Jiyva
  2793 | D:2      | Reached skill level 1 in Air Magic
  2793 | D:2      | Reached skill level 4 in Alchemy
  2793 | D:2      | Reached XP level 4. HP: 26/33 MP: 2/7
  3127 | D:3      | Noticed an ogre
  3522 | D:4      | Noticed a scorpion
  3531 | D:4      | Reached XP level 5. HP: 38/38 MP: 4/8
  3642 | D:4      | Found Hejiud's Antique Weapon Emporium.
  3694 | D:4      | Found Zin's Purification Station.
  3696 | D:4      | Found a glowing silver altar of Zin.
  3696 | D:4      | Noticed Edmund
  3734 | D:3      | Killed Edmund
  3735 | D:3      | Reached XP level 6. HP: 34/45 MP: 7/9
  3763 | D:4      | Reached ** piety under Jiyva
  3773 | D:4      | Bought a potion of curing for 90 gold pieces
  4238 | D:5      | Entered Level 5 of the Dungeon
  4309 | D:5      | Noticed an ice beast
  4524 | D:5      | Killed an ice beast
  4525 | D:5      | Reached skill level 5 in Alchemy
  4525 | D:5      | Your scales start taking on a rich purple colour.
  4525 | D:5      | Reached XP level 7. HP: 32/50 MP: 10/10
  4616 | D:5      | Found an ancient bone altar of Kikubaaqudgha.
  4901 | D:5      | Reached *** piety under Jiyva
  5001 | D:6      | Gained mutation: Your muscles are strong. (Str +4, Int/Dex
                  | -1) [Jiyva's grace]
  5001 | D:6      | Gained mutation: Your muscles are very strong. (Str +8,
                  | Int/Dex -2) [Jiyva's grace]
  5001 | D:6      | Gained mutation: Your tail ends in a venomous barb.
                  | [Jiyva's grace]
  5001 | D:6      | Gained mutation: Your tail ends in a sharp venomous barb.
                  | [Jiyva's grace]
  5091 | D:6      | Found a staircase to the Ecumenical Temple.
  5130 | Temple   | Entered the Ecumenical Temple
  5407 | D:6      | Noticed a hornet
  5414 | D:6      | Killed a hornet
  5415 | D:6      | Reached skill level 5 in Conjurations
  5415 | D:6      | Reached skill level 5 in Air Magic
  5449 | D:6      | Reached skill level 6 in Alchemy
  5618 | D:5      | Reached XP level 8. HP: 27/57 MP: 9/11
  5797 | D:6      | Learned a level 4 spell: Olgreb's Toxic Radiance
  5825 | D:7      | Found a hazy altar of Hepliaklqana.
  5830 | D:7      | Reached **** piety under Jiyva
  6104 | D:7      | Found a flagged portal.
  6110 | Bailey   | Entered a bailey
  6517 | D:7      | Identified the +1 dire flail of the Kissing Big Fish
                  | {flame, rF+}
  6517 | D:7      | Identified the +4 great mace "Osisafev" {drain, rF+}
  6517 | D:7      | Noticed a two-headed ogre
  6520 | D:7      | Noticed middlethird's ghost (novice VSCj)
  6526 | D:7      | Found a transporter.
  6639 | D:7      | Reached skill level 7 in Alchemy
  6937 | D:7      | Reached XP level 9. HP: 54/61 MP: 12/12
  7029 | D:7      | Noticed Duvessa
  7029 | D:7      | Noticed Dowan
  7041 | D:7      | Killed Dowan
  7057 | D:7      | Killed Duvessa
  7058 | D:7      | Reached skill level 1 in Long Blades
  7368 | D:8      | Lost mutation: Your tail ends in a sharp venomous barb.
                  | [Jiyva's grace]
  7368 | D:8      | Gained mutation: You are covered in slimy tendrils that may
                  | disarm your opponents. [Jiyva's grace]
  7368 | D:8      | Gained mutation: Your flesh is cold resistant. (rC+)
                  | [Jiyva's grace]
  7368 | D:8      | Gained mutation: Your flesh is very cold resistant. (rC++)
                  | [Jiyva's grace]
  7368 | D:8      | Gained mutation: Your flesh is almost immune to the effects
                  | of cold. (rC+++) [Jiyva's grace]
  7957 | D:9      | Found a stormy altar of Qazlal.
  7968 | D:9      | Reached skill level 8 in Alchemy
  8111 | D:9      | Found a staircase to the Lair.
  8267 | D:9      | Found a staircase to the Orcish Mines.
  8535 | D:9      | Reached ***** piety under Jiyva
  8787 | D:10     | Entered Level 10 of the Dungeon
  8862 | D:10     | Noticed a troll
  8873 | D:9      | Killed a troll
  8921 | D:10     | Identified the +4 glaive "Xeckuv" {holy, rPois Dex+3
                  | Stlth+}
  8944 | D:10     | Learned a level 4 spell: Sticky Flame
  9020 | D:10     | Reached XP level 10. HP: 65/69 MP: 17/17
  9054 | D:10     | Lost mutation: Your muscles are very strong. (Str +8,
                  | Int/Dex -2) [Jiyva's grace]
  9054 | D:10     | Lost mutation: You are covered in slimy tendrils that may
                  | disarm your opponents. [Jiyva's grace]
  9054 | D:10     | Gained mutation: You have a pair of small antennae on your
                  | head. [Jiyva's grace]
  9054 | D:10     | Gained mutation: You have a pair of antennae on your head.
                  | [Jiyva's grace]
  9054 | D:10     | Gained mutation: You have a pair of large antennae on your
                  | head. (SInv) [Jiyva's grace]
  9054 | D:10     | Gained mutation: Your body has grown eyes which may confuse
                  | attackers. (Acc +3) [Jiyva's grace]
  9080 | D:10     | Reached skill level 1 in Staves
  9080 | D:10     | Reached skill level 1 in Fire Magic
  9099 | D:10     | Reached skill level 5 in Spellcasting
  9099 | D:10     | Reached skill level 9 in Alchemy
  9491 | D:7      | Found a transporter.
  9509 | D:7      | Killed middlethird's ghost
  9511 | D:7      | Killed a two-headed ogre
 10266 | D:3      | Found a bloodstained altar of Trog.
 10712 | D:2      | Killed Crazy Yiuf
 10879 | Lair:1   | Entered Level 1 of the Lair of Beasts
 10900 | Lair:1   | Reached skill level 1 in Polearms
 11052 | Lair:1   | Reached skill level 10 in Alchemy
 11052 | Lair:1   | Reached XP level 11. HP: 74/74 MP: 20/20
 11353 | Lair:1   | Reached skill level 5 in Fire Magic
 12002 | Lair:2   | Reached skill level 5 in Polearms
 12155 | Lair:2   | Lost mutation: You have a pair of large antennae on your
                  | head. (SInv) [Jiyva's grace]
 12155 | Lair:2   | Lost mutation: You have a pair of antennae on your head.
                  | [Jiyva's grace]
 12155 | Lair:2   | Lost mutation: Your muscles are strong. (Str +4, Int/Dex
                  | -1) [Jiyva's grace]
 12155 | Lair:2   | Lost mutation: Your body has grown eyes which may confuse
                  | attackers. (Acc +3) [Jiyva's grace]
 12155 | Lair:2   | Gained mutation: Your melee attacks may engulf your foes in
                  | ooze. [Jiyva's grace]
 12155 | Lair:2   | Gained mutation: Armour fits poorly on your pseudopods.
                  | [Jiyva's grace]
 12155 | Lair:2   | Gained mutation: Armour fits poorly on your large
                  | pseudopods. [Jiyva's grace]
 12155 | Lair:2   | Gained mutation: Armour fits poorly on your massive
                  | pseudopods. [Jiyva's grace]
 12252 | Lair:2   | Found a staircase to the Snake Pit.
 12321 | Lair:2   | Noticed a five-headed hydra
 12558 | Lair:2   | Noticed a six-headed hydra
 12571 | Lair:2   | Noticed a boulder beetle
 12649 | Lair:2   | Noticed a boulder beetle
 12682 | Lair:1   | Killed a boulder beetle
 12683 | Lair:1   | Reached skill level 11 in Alchemy
 12808 | Lair:2   | Noticed a six-headed hydra
 12822 | Lair:2   | Mangled by a boulder beetle

Illustrated notes

Levels and vault maps discovered:
D:1:      onia_arrival_handbag, layout_basic
D:2:      minmay_evil_eye, layout_basic, shapermc_ecumenical_altar_acropolis,
          serial_forest, infiniplex_forest_corner_2,
          infiniplex_forest_lined_room_3, infiniplex_forest_straight_4,
          infiniplex_forest_straight_2, uniq_crazy_yiuf_cottage
D:3:      layout_loops_ring, trog_antimagical, chequers_mini_garden
D:4:      kennysheep_the_goblin_king, layout_loops_ring, zin_purify,
          serial_shops, shop, chequers_serial_rivers_micro_a, dk_vineyard_3,
          eino_small_chamber_without_monster, uniq_edmund
D:5:      nicolae_cairo_tiling, layout_loops_cross, mainiacjoe_overflow_paths,
          minmay_misc_feat_square
D:6:      layout_basic, minmay_temple_entry_glass, minmay_misc_feat_five,
          hangedman_minor_gate_pass
D:7:      layout_basic, nicolae_overflow_crystal_walls, enter_bailey_3,
          gammafunk_ghost_smash, minmay_misc_feat_ornament, uniq_duvessa
D:8:      layout_rooms
D:9:      layout_long_grid, nicolae_qazlal_general_emergency, dpeg_oklobed_lair
D:10:     lemuel_flame_loot_2, layout_rooms, grunt_decor_arrowhead
Temple:   minmay_crystal_spiral_temple
Lair:1:   layout_roguey [special_room_bee], grunt_megastairs_4,
          lemuel_fruit_fields
Lair:2:   layout_hall_layers, minmay_snake_entry_guardpost_medium,
          lightli_volcano_entry_magma_tube, minmay_stone_trees_small,
          hellmonk_guarded_unrand_vines

Skill      XL: |  1  2  3  4  5  6  7  8  9 10 11 |
---------------+----------------------------------+-----
Conjurations   | 2 3 4 5 6 7 |  7.4
Air Magic      | 1 3 4 5 6 |  6.7
Alchemy        | 4 5 6 7 8 10 11 | 11.1
Long Blades    | 4 |  4.5
Spellcasting   | 4 6 |  6.6
Staves         | 3 |  3.2
Fire Magic     | 4 6 |  6.6
Polearms       | 2 5 |  5.6
Dodging        | |  1.7
Stealth        | |  1.7

Action                     |  1- 3 |  4- 6 |  7- 9 | 10-12 || total
---------------------------+-------+-------+-------+-------++-------
  Melee: Dagger            |    28 |    23 |    29 |       ||    80
         Tailslap          |     3 |     4 |     8 |    12 ||    27
         Great sword       |       |       |    14 |       ||    14
         Glaive            |       |       |       |   116 ||   116
         Pseudopods        |       |       |       |     4 ||     4
   Cast: Sting             |    74 |    57 |   327 |    72 ||   530
         Mercury Vapours   |     9 |     5 |    20 |    27 ||    61
         Mephitic Cloud    |       |     1 |    36 |    26 ||    63
         Sticky Flame      |       |       |       |    15 ||    15
         Olgreb's Toxic Ra |       |       |       |     2 ||     2
 Invoke: Oozemancy         |       |       |     2 |     2 ||     4
Ability: Breathe Dispellin |       |       |     2 |       ||     2
  Evoke: Wand              |       |     3 |    18 |     1 ||    22
    Use: Scroll            |     3 |       |     3 |     5 ||    11
   Stab: Confused          |       |       |     1 |     7 ||     8
         Sleeping          |       |       |       |     2 ||     2
 Armour: Skin              |    32 |    38 |   143 |   125 ||   338
  Dodge: Dodged            |    37 |    39 |   162 |   117 ||   355
